 Dungeon Crawl Stone Soup version 0.20-a0-1023-gc4d110f (webtiles) character file.

6614 M4edhros the Nimble (level 11, -7/108 HPs)
             Began as an Octopode Artificer on Apr 19, 2017.
             Was an Elder of Qazlal.
             Splashed by an acid dragon's acid (12 damage)
             ... on level 10 of the Dungeon.
             The game lasted 00:23:43 (9528 turns).

M4edhros the Nimble (Octopode Artificer)            Turns: 9528, Time: 00:23:45

Health: -7/108     AC: 21    Str: 14    XL:     11   Next: 2%
Magic:  13/13      EV:  2    Int: 13    God:    Qazlal [****..]
Gold:   292        SH: 20    Dex: 16    Spells: 10/10 levels left

rFire    . . .     SeeInvis .   Q - +5 spear (venom)
rCold    . . .     Gourm    .   K - +2 shield
rNeg     + + +     Faith    .   (helmet currently unavailable)
rPois    +         Spirit   .   N - +3 amulet of reflection
rElec    .         Reflect  +   G - +2 ring of evasion
rCorr    .         Harm     .   (no ring)
MR       .....     NoTele   +   (no ring)
Stlth    ++........             (no ring)
Regen    0.3/turn               (no ring)
MPRegen  0.2/turn               (no ring)
                                (no ring)
                                (no ring)

@: tree-form, corroded, repel missiles
A: almost no armour, stealthy swim, (amphibious), 8 rings, (constrict 8), frail
1, mutation resistance 1, strong 1
a: Upheaval, Elemental Force, Renounce Religion


You were on level 10 of the Dungeon.
You worshipped Qazlal.
Qazlal was greatly pleased with you.
You were very hungry.
You were a tree.
You visited 2 branches of the dungeon, and saw 11 of its levels.

You collected 449 gold pieces.
You spent 157 gold pieces at shops.

Inventory:

Hand Weapons
 a - a +0 short sword
 k - a +0 dagger of speed
 A - a +0 halberd of venom
 Q - a +5 spear of venom (weapon)
Armour
 v - a +0 hat of intelligence (melded)
 K - a +2 shield (worn)
Jewellery
 G - a +2 ring of evasion (left branch)
 N - a +3 amulet of reflection (around neck)
Wands
 b - a wand of flame (0/48)
 c - a wand of enslavement (6/24)
 d - a wand of random effects (0/48)
 J - a wand of random effects (0/48)
Scrolls
 e - 2 scrolls of identify
 i - 6 scrolls of remove curse
 n - a scroll of amnesia
 q - 2 scrolls of teleportation
 F - a scroll of fog
 M - 2 scrolls of brand weapon
 P - a scroll of vulnerability
Potions
 g - 2 potions of flight
 l - a potion of curing
 p - a potion of invisibility
 O - a potion of brilliance
Books
 m - a book of Maledictions

   Spells                             Type                      Level
   a - Corona                         Hexes                        1
   b - Ensorcelled Hibernation        Hexes/Ice                    2
   c - Confuse                        Hexes                        3
   d - Tukima's Dance                 Hexes                        3
   e - Dazzling Spray                 Conjuration/Hexes            3
 r - a book of Changes

   Spells                             Type                      Level
   a - Beastly Appendage              Transmutation                1
   b - Sticks to Snakes               Transmutation                2
   c - Spider Form                    Transmutation/Poison         3
   d - Ice Form                       Ice/Transmutation            4
   e - Blade Hands                    Transmutation                5
 z - a book of Cantrips

   Spells                             Type                      Level
   a - Confusing Touch                Hexes                        1
   b - Animate Skeleton               Necromancy                   1
   c - Summon Small Mammal            Summoning                    1
   d - Apportation                    Translocation                1
Comestibles
 f - 7 bread rations
 h - 4 meat rations
 w - a royal jelly
 B - 13 fruits


   Skills:
 - Level 9.0 Fighting
 - Level 1.0 Short Blades
 * Level 7.2 Polearms
 - Level 9.4 Dodging
 - Level 5.6 Stealth
 * Level 5.9 Shields
 - Level 3.2 Evocations


You had 10 spell levels left.
You didn't know any spells.

Dungeon Overview and Level Annotations

Branches:
Dungeon (10/15)            Temple (1/1) D:5            Lair (0/6) D:10
    Orc: D:9-12

Altars:
Ashenzari
Cheibriados
Dithmenos
Elyvilon
Fedhas
Gozag
Kikubaaqudgha
Makhleb
Nemelex Xobeh
Okawaru
Qazlal
Ru
Sif Muna
Trog
Uskayaw
Vehumet
Wu Jian
Xom
Yredelemnul
Zin
The Shining One

Shops:
D:8 =


Innate Abilities, Weirdness & Mutations

You cannot wear most types of armour.
You are very stealthy in the water. (Stealth+)
((You are amphibious.))
You can wear up to eight rings at the same time.
((You can use your tentacles to constrict eight enemies at once.))
((Your skin changes colour to match your surroundings (Stealth+).))
((Your rubbery body absorbs attacks. (AC +1, EV +1)))
You are frail. (-10% HP)
You are somewhat resistant to further mutation.
Your muscles are strong. (Str +2)


Message History

You hit the acid dragon.
The acid dragon is lightly wounded.
You block the acid dragon's attack.
The acid dragon claws you but does no damage.
You hit the acid dragon.
The acid dragon is lightly wounded.
You block the acid dragon's attack. x2
You hit the acid dragon.
The acid dragon is moderately wounded.
You hit the acid dragon.
The acid dragon is poisoned.
The acid dragon is heavily wounded.
The acid dragon bites you but does no damage.
You block the acid dragon's attack.
You closely miss the acid dragon.
The acid dragon is heavily wounded.
The acid dragon spits acid at you.
Helpless, you fail to dodge the splash of acid.
* * * LOW HITPOINT WARNING * * *
The acid corrodes you!
You are splashed with acid!
The acid burns!
You die...

### # #>## # .# ##
##.#### .##... .####
##...l###....#.
#...#######
#†####.#....l.#
.###...##.#
##♣#####........
#.#####..####
#.D..........#.. ###
#.....###§.......####...
###.........###.#. .
#.########.#..## #######
######### ####### #....#
##..#....# ##..##..
##..##
##..#####.#####......#
#..####..##
#..##.........


You could see an acid dragon.

Vanquished Creatures
  Pikel (D:6)
  A komodo dragon (D:10)
  A hornet (D:10)
  A hippogriff (D:9)
  4 orc warriors
  A wyvern (D:10)
  3 yaks (D:10)
  A basilisk (D:10)
  The ghost of bezhaha the Gusty, an amateur TeAE (D:3)
  4 sky beasts
  An eye of draining (D:5)
  4 ice beasts
  A black bear (D:9)
  5 ogres
  A phantom (D:4)
  2 centaurs (D:8)
  A bullfrog (D:7)
  3 gnoll sergeants
  A scorpion (D:8)
  16 killer bees (D:9)
  4 wights (D:9)
  5 crimson imps
  7 orc priests
  2 hounds
  2 jellies
  An iguana (D:4)
  7 worker ants
  7 orc wizards
  A howler monkey zombie (D:8)
  20 gnolls
  13 adders
  A shadow imp (D:8)
  3 oozes
  2 adder skeletons (D:6)
  2 worms
  4 dart slugs
  7 leopard geckos
  33 orcs
  4 bats
  3 giant cockroaches
  9 goblins
  11 hobgoblins
  4 jackals
  3 quokkas
  2 ball pythons (D:3)
  5 frilled lizards
  A jackal skeleton (D:7)
  A jackal zombie (D:9)
  9 kobolds
  3 rats
229 creatures vanquished.

Vanquished Creatures (collateral kills)
  A crocodile (D:10)
  2 killer bees (D:9)
  An orc priest (D:8)
  2 orcs
6 creatures vanquished.

Vanquished Creatures (others)
  The ghost of Zaque the Unweaver, an amateur DsAK of Lugonu (D:4)
  An orc warrior (D:8)
  An orc wizard (D:4)
  A worker ant (D:4)
  A gnoll (D:8)
  A bat (D:3)
6 creatures vanquished.

Grand Total: 241 creatures vanquished

Notes
Turn   | Place    | Note
-------+----------+-------------------------------------------
     0 | D:1      | M4edhros the Octopode Artificer began the quest for the Orb.
     0 | D:1      | Reached XP level 1. HP: 13/13 MP: 3/3
    76 | D:1      | Reached XP level 2. HP: 13/18 MP: 4/4
   520 | D:2      | Reached XP level 3. HP: 23/23 MP: 5/5
   595 | D:2      | Found an iron altar of Okawaru.
   740 | D:3      | Reached skill level 5 in Stealth
   778 | D:4      | Noticed Zaque's ghost (amateur DsAK)
   787 | D:5      | Entered Level 5 of the Dungeon
   796 | D:5      | Found a bloodstained altar of Trog.
   796 | D:5      | Noticed an eye of draining
   817 | D:5      | Reached XP level 4. HP: 23/28 MP: 6/6
   937 | D:5      | Found a staircase to the Ecumenical Temple.
   953 | Temple   | Entered the Ecumenical Temple
  1085 | Temple   | Became a worshipper of Qazlal Stormbringer
  1151 | D:4      | Reached XP level 5. HP: 24/34 MP: 7/7
  1359 | D:5      | Noticed a sky beast
  1425 | D:4      | Noticed a phantom
  2579 | D:3      | Noticed bezhaha's ghost (amateur TeAE)
  2582 | D:3      | Reached * piety under Qazlal
  2845 | D:3      | Found a shimmering altar of Xom.
  2873 | D:3      | Reached XP level 6. HP: 39/41 MP: 8/8
  2998 | D:3      | Gained mutation: Your flesh is cold resistant. (rC+) [potion of mutation]
  2998 | D:3      | Gained mutation: Scrolls take you a little longer to read. [potion of mutation]
  2998 | D:3      | Gained mutation: Scrolls take you longer to read. [potion of mutation]
  2998 | D:3      | Gained mutation: You are partially covered in rugged brown scales. (AC +1, +3% HP) [potion of mutation]
  3268 | D:3      | Killed bezhaha's ghost
  3330 | D:3      | Noticed an ice beast
  3346 | D:3      | Killed an ice beast
  3346 | D:3      | Reached XP level 7. HP: 23/49 MP: 9/9
  3778 | D:4      | Killed Zaque's ghost
  3778 | D:4      | Reached skill level 5 in Dodging
  3925 | D:4      | Reached skill level 5 in Fighting
  4400 | D:4      | Reached XP level 8. HP: 46/57 MP: 10/10
  5017 | D:6      | Gained mutation: You are partially covered in large bone plates. (SH +4) [mutagenic meat]
  5018 | D:6      | Lost mutation: Scrolls take you longer to read. [mutagenic meat]
  5029 | D:6      | Gained mutation: You have very sharp teeth. [mutagenic meat]
  5030 | D:6      | Gained mutation: Potions are less effective at restoring your health. [mutagenic meat]
  5264 | D:6      | Reached ** piety under Qazlal
  5480 | D:6      | Noticed Pikel
  5505 | D:6      | Killed Pikel
  5505 | D:6      | Reached XP level 9. HP: 43/66 MP: 11/11
  5711 | D:7      | Found a snail-covered altar of Cheibriados.
  5712 | D:7      | Found a shadowy altar of Dithmenos.
  5712 | D:7      | Found a deep blue altar of Sif Muna.
  5713 | D:7      | Found a bloodstained altar of Trog.
  6727 | D:8      | Reached skill level 1 in Polearms
  6845 | D:8      | Reached *** piety under Qazlal
  7207 | D:8      | Found a basalt altar of Yredelemnul.
  7546 | D:8      | Reached XP level 10. HP: 40/76 MP: 12/12
  7862 | D:8      | Found Qavuagient's Jewellery Boutique.
  7871 | D:8      | Bought a +3 amulet of reflection for 157 gold pieces
  7915 | D:9      | Found a stormy altar of Qazlal.
  7951 | D:9      | Reached skill level 1 in Shields
  8430 | D:9      | Reached skill level 5 in Polearms
  8640 | D:9      | Lost mutation: Scrolls take you a little longer to read. [potion of mutation]
  8640 | D:9      | Lost mutation: You are partially covered in rugged brown scales. (AC +1, +3% HP) [potion of mutation]
  8640 | D:9      | Lost mutation: Your flesh is cold resistant. (rC+) [potion of mutation]
  8640 | D:9      | Lost mutation: Potions are less effective at restoring your health. [potion of mutation]
  8640 | D:9      | Lost mutation: You have very sharp teeth. [potion of mutation]
  8640 | D:9      | Lost mutation: You are partially covered in large bone plates. (SH +4) [potion of mutation]
  8640 | D:9      | Gained mutation: Scrolls take you a little longer to read. [potion of mutation]
  8640 | D:9      | Gained mutation: Your flesh is cold resistant. (rC+) [potion of mutation]
  8640 | D:9      | Gained mutation: You are somewhat resistant to further mutation. [potion of mutation]
  8640 | D:9      | Gained mutation: Your flesh is heat resistant. (rF+) [potion of mutation]
  8641 | D:9      | Lost mutation: Your flesh is heat resistant. (rF+) [potion of mutation]
  8641 | D:9      | Lost mutation: Scrolls take you a little longer to read. [potion of mutation]
  8641 | D:9      | Lost mutation: Your flesh is cold resistant. (rC+) [potion of mutation]
  8641 | D:9      | Gained mutation: You are frail. (-10% HP) [potion of mutation]
  8641 | D:9      | Gained mutation: Your muscles are strong. (Str +2) [potion of mutation]
  8648 | D:9      | Identified a scroll of acquirement
  8748 | D:9      | Reached **** piety under Qazlal
  9048 | D:10     | Entered Level 10 of the Dungeon
  9093 | D:10     | Reached skill level 5 in Shields
  9475 | D:10     | Found a staircase to the Lair.
  9517 | D:10     | Reached XP level 11. HP: 28/72 MP: 13/13
  9528 | D:10     | HP: 5/108 [acid dragon/splash of acid (10)]
  9528 | D:10     | Splashed by an acid dragon's acid

Vault maps used:
D:1:      lemuel_arrival_muddy, lemuel_old_faithful
D:2:      minmay_misc_feat_doors, okawaru_metal_pillars_1_2
D:3:      old_standard_altar
D:4:      first_bread, minmay_a_box_with_orc_wizards_in_it
D:5:      minmay_temple_entry_grid, nrook_mini_backslash, trog_eyes_of_draining
D:6:      uniq_pikel
D:7:      grunt_temple_overflow_open, basic_altar
D:8:      yredelemnul_altar_generic, serial_shops, shop
D:9:      kennysheep_little_box, basic_altar, serial_shops, shop,
          david_nohive_1, minmay_misc_feat_x
D:10:     erik_lair_dragon
Temple:   regret_index_temple_sphere_string

Skill      XL: |  1  2  3  4  5  6  7  8  9 10 |
---------------+-------------------------------+-----
Stealth        | 2 4 5 |  5.6
Fighting       | 2 4 5 7 9 |  9.0
Dodging        | 3 4 6 8 9 |  9.4
Polearms       | 3 7 |  7.2
Shields        | 5 |  5.9
Short Blades   | |  1.0
Evocations     | |  3.2

Action                   |  1- 3 |  4- 6 |  7- 9 | 10-12 || total
-------------------------+-------+-------+-------+-------++-------
Melee: Short sword       |    39 |       |       |       ||    39
       Tentacles         |    16 |    17 |    77 |    31 ||   141
       Constrict         |    17 |    25 |    63 |    30 ||   135
       Dagger            |    23 |   112 |   290 |       ||   425
       Bite              |       |       |    40 |    11 ||    51
       Halberd           |       |       |    67 |    41 ||   108
       Spear             |       |       |       |   186 ||   186
Invok: Upheaval          |       |       |       |     1 ||     1
Evoke: Wand              |       |    27 |    38 |    12 ||    77
  Use: Scroll            |       |     4 |       |    20 ||    24
       Potion            |       |     8 |     5 |    10 ||    23
 Stab: Sleeping          |     6 |    16 |       |       ||    22
       Distracted        |     1 |       |       |       ||     1
       Paralysed         |       |     1 |       |       ||     1
       Invisible         |       |       |     4 |       ||     4
       Betrayed ally     |       |       |       |     1 ||     1
  Eat: Chunk             |       |     7 |    20 |     5 ||    32
Armor: Skin              |     1 |     6 |    18 |    43 ||    68
Dodge: Dodged            |    29 |    71 |   198 |    71 ||   369
Block: Other             |       |       |    54 |    27 ||    81
       Shield            |       |       |       |   134 ||   134
       Reflection        |       |       |       |     1 ||     1
